 Dungeon Crawl Stone Soup version 0.24.0-2-g5b39cebb1c (webtiles) character file.

Game seed: 774347751232496105, levelgen mode: deterministic

124 Arixos the Insei (level 5, 0/38 HPs)
             Began as a Human Transmuter on Oct 29, 2019.
             Slain by an orc
             ... wielding a +0 hand axe
              (5 damage)
             ... on level 3 of the Dungeon.
             The game lasted 00:13:27 (2922 turns).

Arixos the Insei (Human Transmuter)                 Turns: 2922, Time: 00:13:28

Health: 0/38       AC:  4    Str: 10    XL:     5   Next: 30%
Magic:  8/8        EV: 13    Int: 14    God:
Gold:   175        SH:  0    Dex: 14    Spells: 3/9 levels left

rFire    . . .     SeeInvis .     - Unarmed
rCold    . . .     Gourm    .   (no shield)
rNeg     . . .     Faith    .   b - +0 robe
rPois    .         Spirit   .   (no helmet)
rElec    .         Reflect  .   (no cloak)
rCorr    .         Harm     .   e - +0 pair of gloves
MR       .....                  j - +0 pair of boots {Fly}
Stlth    +.........             (no amulet)
HPRegen  0.12/turn              (no ring)
MPRegen  0.11/turn              (no ring)

@: confused, flying
A: no striking features
a: Stop Flying


You were on level 3 of the Dungeon.
You were not hungry.

You visited 1 branch of the dungeon, and saw 3 of its levels.

You collected 175 gold pieces.

Inventory:

Missiles
 a - 33 arrows
 g - 36 poisoned darts (quivered)
Armour
 b - a +0 robe (worn)
 e - a +0 pair of gloves (worn)
 j - a +0 pair of boots of flying (worn)
Scrolls
 f - 2 scrolls of amnesia {unknown}
 h - 3 scrolls of remove curse
 i - 2 scrolls of teleportation {unknown}
 k - 3 scrolls of immolation {unknown}
 l - 2 scrolls of identify {unknown}
 m - a scroll of blinking {unknown}
 p - a scroll of fog {unknown}
Potions
 n - a potion of brilliance {unknown}
 o - a potion of heal wounds {unknown}
Comestibles
 d - 7 rations
 q - 3 chunks of flesh


   Skills:
 + Level 1.8 Fighting
 + Level 1.4 Armour
 + Level 2.6 Dodging
 * Level 3.7 Unarmed Combat
 + Level 2.5 Spellcasting
 + Level 2.5 Transmutations
 + Level 1.0 Poison Magic


You had 3 spell levels left.
You knew the following spells:

 Your Spells              Type           Power        Failure   Level  Hunger
a - Beastly Appendage     Tmut           #.....       9%          1    #......
d - Sticks to Snakes      Tmut           #.......     12%         2    ###....
s - Spider Form           Tmut/Pois      #.........   32%         3    ###....

Your spell library contained the following spells:

 Spells                   Type           Power        Failure   Level  Hunger
 Ice Form                 Ice/Tmut       #.......     80%         4    #####..
 Blade Hands              Tmut           #.........   92%         5    ######.


Dungeon Overview and Level Annotations

Branches:
Dungeon (3/15)

Altars:
Ru


Message History

Your +0 pair of boots of flying unmelds from your body.
Your +0 robe unmelds from your body.
You fly up into the air.
The orc priest calls down the wrath of Beogh upon you.
Beogh smites you! The orc barely misses you.
The orc priest mumbles some strange prayers to Beogh against you.
Pain shoots through your body!
* * * LOW HITPOINT WARNING * * *
As you read the scroll labeled IRUTU RYOFE, it crumbles to dust.
You feel blessed for a moment.
It was a scroll of remove curse.
Your magical contamination has completely faded away.
Okay, then.
It was a potion of ambrosia.
You are confused.
You feel invigorated.
The orc priest casts a cantrip, but nothing happens.
The orc closely misses you. The orc hits you.
* * * LOW HITPOINT WARNING * * *
The orc hits you with a +0 hand axe.
You die...

#.....................รท.........
#...............................
#......"[.......................
##............................###
..............................#
.......).........#............#
....######[....oo#............#
... #.....o.#............# #
#.....o@####.........# #.......#
##.######## #....#..... #.#
##########. #. #


You could see an orc priest and 3 orcs.

Vanquished Creatures
  6 adders
  An ooze (D:1)
  3 dart slugs (D:2)
  A worm (D:3)
  5 leopard geckos
  An orc (D:3)
  2 giant cockroaches (D:3)
  5 goblins
  6 hobgoblins
  A quokka (D:2)
  9 bats
  6 frilled lizards
  2 kobolds
  9 rats
57 creatures vanquished.

Notes
Turn   | Place    | Note
-------+----------+-------------------------------------------
     0 | D:1      | Arixos the Human Transmuter began the quest for the Orb.
     0 | D:1      | Reached XP level 1. HP: 15/15 MP: 3/3
   398 | D:1      | Reached XP level 2. HP: 20/21 MP: 3/5
   660 | D:1      | Learned a level 2 spell: Sticks to Snakes
   868 | D:2      | Reached XP level 3. HP: 26/26 MP: 4/6
   894 | D:2      | Learned a level 3 spell: Spider Form
  1350 | D:2      | Reached XP level 4. HP: 32/32 MP: 5/7
  1391 | D:2      | Reached skill level 1 in Armour
  1906 | D:2      | Found a sacrificial altar of Ru.
  2399 | D:3      | Reached XP level 5. HP: 38/38 MP: 4/8
  2886 | D:3      | Reached skill level 1 in Poison Magic
  2919 | D:3      | HP: 1/38 [orc priest/nerve-wracking pain (11)]
  2922 | D:3      | Slain by an orc

Levels and vault maps discovered:
D:1:      dpeg_arrival_connections, layout_loops_cross
D:2:      layout_basic, minmay_misc_feat_columns, minmay_hexomino_r4
D:3:      layout_basic, uniq_crazy_yiuf_cottage

Skill      XL: |  1  2  3  4  5 |
---------------+----------------+-----
Armour         | 1 |  1.4
Poison Magic   | 1 |  1.0
Fighting       | |  1.8
Dodging        | |  2.6
Unarmed Combat | |  3.7
Spellcasting   | |  2.5
Transmutations | |  2.5

Action                   |  1- 3 |  4- 6 || total
-------------------------+-------+-------++-------
Melee: Unarmed           |    63 |   130 ||   193
       Headbutt          |     7 |    14 ||    21
       Kick              |     1 |       ||     1
       Punch             |       |     1 ||     1
 Cast: Beastly Appendage |    20 |    20 ||    40
       Sticks to Snakes  |     1 |       ||     1
       Spider Form       |       |     5 ||     5
  Use: Scroll            |       |     1 ||     1
       Potion            |       |     1 ||     1
 Stab: Sleeping          |     1 |     1 ||     2
  Eat: Chunk             |     2 |     6 ||     8
Armor: Robe              |    16 |    29 ||    45
       Skin              |       |     1 ||     1
Dodge: Dodged            |    42 |   103 ||   145
